 Dungeon Crawl Stone Soup version 0.16-a0-3303-g3c4fcab (webtiles) character file.

40485 myeffort the Impaler (level 14, -23/110 HPs)
             Began as a Merfolk Berserker on Dec 25, 2014.
             Was a High Priest of Trog.
             Killed from afar by a frost giant (40 damage)
             ... with a bolt of cold
             ... on level 13 of the Dungeon.
             The game lasted 00:57:46 (17331 turns).

myeffort the Impaler (Merfolk Berserker)           Turns: 17331, Time: 00:57:46

Health: -23/110    AC: 12    Str: 17    XL:     14   Next: 11%
Magic:  14/14      EV: 26    Int: 10    God:    Trog [*****.]
Gold:   810        SH:  0    Dex: 18    Spells: 0 memorised, 13 levels left

rFire  . . .     SeeInvis .     V - +6 bardiche (freeze)
rCold  . . .     Clarity  .     L - -1 leather armour of the Planets {rElec rCorr Int+3} (curse)
rNeg   . . .     SustAb   .     (no shield)
rPois  +         Gourm    .     a - +2 hat
rElec  +         Spirit   .     c - +2 cloak {rPois}
rCorr  +         Warding  .     I - +0 pair of gloves
rMut   .         Rnd*Tele +     (no boots)
MR     +....                    (no amulet)
Stlth  ++++++....               x - ring of stealth
                                H - +3 ring of slaying

@: somewhat resistant to hostile enchantments, very stealthy
A: change form in water, swift swim, iridescent scales 1, teleportitis 2
a: Burn Spellbooks, Berserk, Trog's Hand, Brothers in Arms, Renounce Religion


You were on level 13 of the Dungeon.
You worshipped Trog.
Trog was extremely pleased with you.
You were hungry.

You visited 2 branches of the dungeon, and saw 18 of its levels.
You also visited: Sewer and Ossuary.

You collected 929 gold pieces.
You spent 119 gold pieces at shops.

Inventory:

Hand weapons
 P - a +4 antimagic glaive
 V - a +6 bardiche of freezing (weapon)
Missiles
 l - 10 stones (quivered)
 s - a throwing net
Armour
 a - a +2 hat (worn)
 c - a +2 cloak of poison resistance (worn)
 w - a +4 chain mail of magic resistance
 I - a +0 pair of gloves (worn)
 L - the cursed -1 leather armour of the Planets (worn) {rElec rCorr Int+3}
   (You found it on level 13 of the Dungeon)

   It affects your intelligence (+3).
   It insulates you from electricity.
   It protects you from acid and corrosion.
   It has a curse placed upon it.
Jewellery
 f - an uncursed ring of flight
 v - an uncursed ring of protection from magic
 x - a ring of stealth (right hand)
 y - an uncursed ring of magical power
 H - a +3 ring of slaying (left hand)
Magical devices
 b - a wand of teleportation (7)
 g - a wand of flame (26)
 k - a wand of enslavement (8)
 z - a wand of slowing (15)
 A - a wand of heal wounds (4)
 D - a wand of disintegration (3)
 R - a wand of paralysis (13)
 W - a wand of fire (7)
 X - a wand of slowing (27)
 Y - a wand of digging (20)
Scrolls
 i - 4 scrolls of magic mapping
 j - 12 scrolls of teleportation
 n - 6 scrolls of fear
 o - a scroll of torment {unknown}
 p - 4 scrolls of remove curse
 u - 11 scrolls of identify
 B - 6 scrolls of recharging
 C - 2 scrolls of noise {unknown}
 E - a scroll of holy word {unknown}
 F - a scroll of fog {unknown}
 G - a scroll of silence {unknown}
Potions
 d - 8 potions of haste
 e - 11 potions of curing
 h - 2 potions of might
 m - 9 potions of agility
 t - 3 potions of brilliance
 J - 2 potions of flight
 M - 3 potions of berserk rage
 O - 5 potions of magic
 U - a potion of invisibility
Books
 S - a book of Dreams

   Spells                             Type                      Level
   a - Ensorcelled Hibernation        Hexes/Ice                    2
   b - Flight                         Charms/Air                   3
   c - Phase Shift                    Translocation                5
   d - Shadow Creatures               Summoning                    5
   e - Mass Confusion                 Hexes                        6
   f - Darkness                       Hexes                        7
   Trog disapproves of the use of such an item.
Comestibles
 q - 10 meat rations
 r - 6 bread rations
 K - 5 beef jerkies
 Q - a slice of pizza
 Z - a royal jelly


   Skills:
 * Level 10.1 Fighting
 + Level 18.9 Polearms
 - Level 1.3 Armour
 + Level 17.5 Dodging
 * Level 11.8 Stealth


You had 13 spell levels left.
You didn't know any spells.

Dungeon Overview and Level Annotations

Branches:
Dungeon (13/15)            Temple (0/1) D:7            Lair (5/8) D:10
    Orc (0/4) D:10         Vaults (0/5) D:13
  Swamp: Lair:3-6    Shoals: Lair:3-6     Snake: Lair:3-6    Spider: Lair:3-6

Altars:
Ashenzari
Elyvilon
Fedhas
Gozag
Makhleb
Okawaru
Ru
Vehumet
Xom
Yredelemnul
Zin

Shops:
D:5 *   D:8 *

Annotations:
D:8 exclusion: 2 oklob saplings


Innate Abilities, Weirdness & Mutations

You revert to your normal form in water.
You are very nimble and swift while swimming.
You are partially covered in iridescent scales (AC +4).
Space sometimes distorts in your vicinity.


Message History

Drink which item? (? for menu, Esc to quit)
Okay, then.
Read which item? (? for menu, Esc to quit)
As you read the scroll of fear, it crumbles to dust.
You assume a fearsome visage.
The boulder beetle looks frightened!
The sphinx looks frightened!
The frost giant resists with some effort.
The slime creature looks frightened!
The yaktaur captain looks frightened!
The worker ant looks frightened!
The centaur looks frightened!
The centaur looks frightened! x2
The water elemental is unaffected.
The slime creature changes into a merfolk!
The frost giant completely misses you.
The centaur looks desperately for an escape route.
The frost giant points at you and mumbles some strange words.
The bolt of cold misses you.
You see here 2 arrows.
The frost giant points at you and mumbles some strange words.
The bolt of cold hits you!
You die...

##############
#............####
........(.......###
.........(.........##
......≈.E)C.@.......##
...≈≈≈≈..≈≈≈≈........#
≈≈≈###..###≈≈≈......##
≈≈ #..B.. #≈≈≈≈......#
#..... #≈≈≈≈≈.....#
#......##≈≈≈≈≈....##
a...c.. ##≈≈≈≈≈....#
c.c##... ####≈≈....# #
#≈≈≈...#


You could see a frost giant, a boulder beetle (fleeing) and a water elemental.

Vanquished Creatures
  Maud (Lair:4)
  Gastronok (Lair:1)
  2 hydras
  A yaktaur captain (D:13)
  Urug (D:10)
  3 skeletal warriors (D:13)
  The ghost of myeffort the Impaler, an experienced MfBe of Trog (D:8)
  Erolcha (D:10)
  6 hill giants
  A griffon (D:12)
  2 cyclopes
  An ugly thing (D:13)
  8 elephants
  Maurice (D:8)
  A manticore (D:13)
  2 black mambas
  2 spiny frogs
  Psyche (D:10)
  3 centaur skeletons
  A komodo dragon (Lair:3)
  2 yaktaurs (D:13)
  A fire drake (Lair:4)
  A polar bear (Lair:4)
  Grinder (D:3)
  2 trolls
  2 two-headed ogres
  A trapdoor spider zombie (D:10)
  A basilisk (D:12)
  10 blink frogs
  A spriggan (Lair:4)
  A hungry ghost (D:13)
  Eustachio (D:7)
  A wyvern (Lair:3)
  29 yaks
  A steam dragon (D:13)
  3 hippogriffs
  A deep elf mage (D:12)
  12 wolves
  2 mottled dragons (D:13)
  Edmund (D:4)
  A soldier ant (D:10)
  4 wandering mushrooms (D:8)
  9 water moccasins
  2 black bears
  6 sky beasts
  6 porcupines
  3 ogres
  7 orc warriors
  2 phantoms
  An eye of draining (D:12)
  2 ice beasts
  The ghost of Mulzaro the Insei, an average DrTm (Ossuary)
  5 centaurs
  Sigmund (D:7)
  Duvessa (D:6)
  4 big kobolds
  5 crocodiles
  17 giant frogs
  11 scorpions
  8 wights
  9 killer bees
  4 electric eels
  Dowan (D:6)
  3 crimson imps
  5 centaur zombies
  3 goliath beetles
  3 giant frog zombies
  11 hounds
  3 human zombies (Ossuary)
  3 jellies
  Crazy Yiuf (D:7)
  9 orc priests
  4 giant frog skeletons
  A gnoll shaman (D:5)
  6 iguanas
  2 quasits
  8 worker ants
  11 orc wizards
  10 sheep
  A killer bee zombie (D:5)
  3 big kobold zombies (Ossuary)
  Ijyb (D:2)
  Jessica (D:2)
  3 mummies (Ossuary)
  2 hound skeletons
  A hound zombie (D:7)
  A worker ant zombie (D:7)
  11 gnolls
  18 adders
  10 river rats (Lair:4)
  6 scorpion zombies (Ossuary)
  A shadow imp (D:13)
  4 worms
  4 adder zombies
  9 giant geckos
  2 oozes
  72 orcs
  14 bats
  8 giant cockroaches
  15 goblins
  18 hobgoblins
  19 jackals
  6 quokkas
  4 ball pythons
  9 giant newts
  A giant spore (D:12)
  A gnoll zombie (Ossuary)
  A goblin zombie (Ossuary)
  A hobgoblin zombie (Ossuary)
  37 kobolds
  2 kobold zombies (Ossuary)
  2 orc zombies (Ossuary)
  A quokka skeleton (D:6)
  19 rats
  5 ballistomycetes
620 creatures vanquished.

Vanquished Creatures (others)
  A plant (Lair:4)
1 creature vanquished.

Grand Total: 621 creatures vanquished

Notes
Turn   | Place    | Note
--------------------------------------------------------------
     0 | D:1      | myeffort, the Merfolk Berserker, began the quest for the Orb.
     0 | D:1      | Reached XP level 1. HP: 18/18 MP: 1/1
    49 | D:1      | Found a shimmering altar of Xom.
   123 | D:1      | Reached XP level 2. HP: 8/24 MP: 2/2
   636 | D:1      | Reached skill level 5 in Polearms
   652 | D:1      | Reached XP level 3. HP: 25/29 MP: 3/3
   785 | D:2      | Noticed Ijyb
   799 | D:2      | Killed Ijyb
  1030 | D:2      | Found a shattered altar of Ashenzari.
  1166 | D:2      | Noticed Jessica
  1176 | D:2      | Killed Jessica
  1176 | D:2      | Reached XP level 4. HP: 35/35 MP: 4/4
  1346 | D:2      | Found a burning altar of Makhleb.
  1348 | D:2      | Found an iron altar of Okawaru.
  1496 | D:3      | Acquired Trog's second power
  1501 | D:3      | Reached skill level 6 in Polearms
  1503 | D:3      | Reached skill level 5 in Dodging
  1596 | D:3      | Reached XP level 5. HP: 38/41 MP: 5/5
  1643 | D:3      | Found Zin's Purification Station.
  1646 | D:3      | Found a glowing silver altar of Zin.
  1651 | D:3      | Bought a potion of curing for 90 gold pieces
  1651 | D:3      | Noticed Grinder
  1666 | D:3      | Killed Grinder
  1666 | D:3      | Reached skill level 7 in Polearms
  1666 | D:3      | Reached XP level 6. HP: 47/47 MP: 6/6
  1900 | D:3      | Found an opulent altar of Gozag.
  2057 | D:3      | Found a basalt altar of Yredelemnul.
  2168 | D:3      | Found a radiant altar of Vehumet.
  2290 | D:4      | Noticed Edmund
  2302 | D:4      | Killed Edmund
  2302 | D:4      | Reached skill level 8 in Polearms
  2302 | D:4      | Reached XP level 7. HP: 27/52 MP: 7/7
  3130 | D:4      | Reached skill level 9 in Polearms
  3368 | D:5      | Entered Level 5 of the Dungeon
  3439 | D:5      | Reached XP level 8. HP: 21/58 MP: 8/8
  3529 | D:5      | Found Gresh's Elemental Accessories.
  3757 | D:5      | Reached skill level 10 in Polearms
  3838 | D:5      | Acquired Trog's third power
  4423 | D:6      | Noticed Dowan
  4424 | D:6      | Noticed Duvessa
  4436 | D:6      | Killed Duvessa
  4445 | D:6      | Killed Dowan
  4635 | D:6      | Found a glowing drain.
  4650 | D:6      | Reached skill level 11 in Polearms
  4679 | Sewer    | Entered a sewer
  5211 | D:6      | Reached skill level 10 in Dodging
  5953 | D:6      | Reached XP level 9. HP: 64/64 MP: 9/9
  5981 | D:7      | Noticed Eustachio
  6002 | D:7      | Killed Eustachio
  6002 | D:7      | Reached skill level 12 in Polearms
  6104 | D:7      | Noticed Sigmund
  6109 | D:7      | Found a sand-covered staircase.
  6119 | D:7      | Killed Sigmund
  6131 | Ossuary  | Entered an ossuary
  6181 | Ossuary  | Noticed Mulzaro's ghost (average DrTm)
  6413 | Ossuary  | Killed Mulzaro's ghost
  6433 | Ossuary  | Reached skill level 13 in Polearms
  6695 | D:7      | Found a staircase to the Ecumenical Temple.
  7020 | D:7      | Noticed Crazy Yiuf
  7028 | D:7      | Killed Crazy Yiuf
  7107 | D:8      | Found Nuyskuzu's Assorted Antiques.
  7126 | D:8      | Received a gift from Trog
  7135 | D:8      | Bought a scroll labeled XURPHUAFFED for 29 gold pieces
  7175 | D:8      | Reached XP level 10. HP: 68/70 MP: 10/10
  7339 | D:8      | Identified Tavikiok's Almanac of Feathery Arcane Weapons
  7436 | D:8      | Noticed a wandering mushroom
  7444 | D:8      | Killed a wandering mushroom
  7444 | D:8      | Reached skill level 14 in Polearms
  7507 | D:8      | Noticed a wandering mushroom
  7510 | D:8      | Killed a wandering mushroom
  7513 | D:8      | Noticed a wandering mushroom
  7516 | D:8      | Killed a wandering mushroom
  7518 | D:8      | Found a blossoming altar of Fedhas.
  7518 | D:8      | Noticed a wandering mushroom
  7522 | D:8      | Killed a wandering mushroom
  7700 | D:8      | Noticed Maurice
  7790 | D:8      | Found a white marble altar of Elyvilon.
  7833 | D:8      | Noticed myeffort's ghost (experienced MfBe)
  7839 | D:8      | Killed myeffort's ghost
  8191 | D:8      | Reached skill level 15 in Polearms
  8781 | D:8      | Killed Maurice
  9341 | D:9      | Found a sacrificial altar of Ru.
  9370 | D:9      | Reached XP level 11. HP: 69/75 MP: 11/11
  9433 | D:9      | Reached skill level 16 in Polearms
  9664 | D:10     | Entered Level 10 of the Dungeon
  9664 | D:10     | Noticed a hill giant
  9675 | D:10     | Killed a hill giant
  9675 | D:10     | Reached skill level 15 in Dodging
  9676 | D:10     | Received a gift from Trog
  9961 | D:10     | Noticed Psyche
  9964 | D:10     | Noticed Erolcha
  9966 | D:10     | Paralysed by Psyche for 4 turns
  9975 | D:10     | Gained mutation: Space occasionally distorts in your vicinity. [potion of mutation]
  9975 | D:10     | Gained mutation: You are partially covered in iridescent scales (AC +4). [potion of mutation]
  9975 | D:10     | Gained mutation: Space sometimes distorts in your vicinity. [potion of mutation]
  9975 | D:10     | Killed Psyche
  9990 | D:10     | Killed Erolcha
 10156 | D:10     | Found a staircase to the Orcish Mines.
 10252 | D:10     | Reached skill level 17 in Polearms
 10329 | D:10     | Found a staircase to the Lair.
 10340 | D:10     | Noticed Urug
 10351 | D:10     | Killed Urug
 10664 | D:10     | Noticed a hill giant
 10673 | D:10     | Killed a hill giant
 10752 | D:10     | Reached skill level 5 in Stealth
 10780 | Lair:1   | Entered Level 1 of the Lair of Beasts
 10782 | Lair:1   | Reached XP level 12. HP: 77/81 MP: 12/12
 11160 | Lair:1   | Received a gift from Trog
 11380 | Lair:1   | Noticed Gastronok
 11438 | Lair:1   | Killed Gastronok
 11883 | Lair:2   | Noticed a four-headed hydra
 11909 | Lair:2   | Killed a 14-headed hydra
 11909 | Lair:2   | Reached skill level 5 in Fighting
 12823 | Lair:3   | Reached skill level 18 in Polearms
 13512 | Lair:4   | Reached XP level 13. HP: 45/96 MP: 13/13
 13608 | Lair:4   | Received a gift from Trog
 13890 | Lair:4   | Noticed a five-headed hydra
 13892 | Lair:4   | Noticed an eight-headed hydra
 13918 | Lair:4   | Noticed Maud
 13970 | Lair:4   | Killed a seven-headed hydra
 13982 | Lair:4   | Killed Maud
 13982 | Lair:4   | Reached skill level 10 in Stealth
 15315 | D:11     | Received a gift from Trog
 16217 | D:12     | Received a gift from Trog
 16393 | D:13     | Found a gate to the Vaults.
 16791 | D:13     | Reached XP level 14. HP: 109/109 MP: 14/14
 16930 | D:13     | Reached skill level 10 in Fighting
 17303 | D:13     | Got a distressingly furry leather armour
 17314 | D:13     | Identified the cursed -1 leather armour of the Planets {rElec rCorr Int+3} (You found it on level 13 of the Dungeon)
 17319 | D:13     | Noticed a sphinx
 17320 | D:13     | Noticed a frost giant
 17323 | D:13     | Paralysed by a sphinx for 3 turns
 17331 | D:13     | Killed from afar by a frost giant

Action                   |  1- 3 |  4- 6 |  7- 9 | 10-12 | 13-15 || total
-------------------------+-------+-------+-------+-------+-------++-------
Melee: Spear             |    93 |   135 |   753 |       |       ||   981
       Scythe            |       |       |   216 |   684 |   189 ||  1089
       Bardiche          |       |       |       |       |   215 ||   215
       Glaive            |       |       |       |       |     2 ||     2
Throw: Stone             |       |       |       |     1 |     1 ||     2
Invok: Berserk           |     5 |     4 |    18 |    13 |     2 ||    42
       Trog's Hand       |       |     1 |     3 |     1 |       ||     5
       Burn Spellbooks   |       |       |       |       |     2 ||     2
Evoke: Wand              |       |       |     3 |    11 |     1 ||    15
  Use: Scroll            |       |       |    10 |     9 |     1 ||    20
       Potion            |       |       |       |    11 |     1 ||    12
 Stab: Sleeping          |     1 |     1 |       |     8 |    15 ||    25
       Distracted        |     1 |       |     1 |     1 |     3 ||     6
  Eat: Chunk             |     5 |     8 |    19 |    19 |    13 ||    64
       Bread ration      |       |       |     3 |     3 |       ||     6
       Beef jerky        |       |       |     2 |       |       ||     2
       Fruit             |       |       |       |     4 |       ||     4
       Pizza             |       |       |       |       |     1 ||     1
